 Dungeon Crawl Stone Soup version 0.30-a0-591-g3c58d2bc28 (webtiles) character file.

Game seed: 12990832062248921802

340 Armakuni the Trooper (level 6, -3/49 HPs)
             Began as a Human Artificer on Jan 5, 2023.
             Slain by a hobgoblin
             ... wielding a +0 flail
              (9 damage)
             ... on level 4 of the Dungeon.
             The game lasted 00:07:57 (3137 turns).

Armakuni the Trooper (Human Artificer)              Turns: 3137, Time: 00:07:58

Health: -3/49      AC:  3    Str: 13    XL:     6   Next: 86%
Magic:  6/6        EV: 11    Int: 13    God:
Gold:   167        SH:  0    Dex: 13    Spells: 5/5 levels left

rFire   . . .      SeeInvis +    a - +1 quarterstaff
rCold   . . .      Faith    .    (shield currently unavailable)
rNeg    . . .      Spirit   .    b - +0 leather armour
rPois   .          Reflect  .    (no helmet)
rElec   .          Harm     .    (no cloak)
rCorr   .          Rampage  .    (no gloves)
Will    .....                    (no boots)
Stlth   +                        (no amulet)
HPRegen 0.28/turn                I - ring of see invisible
MPRegen 0.10/turn                (no ring)

@: no status effects
A: no striking features
a: no special abilities


You were on level 4 of the Dungeon.
You visited 1 branch of the dungeon, and saw 4 of its levels.

You collected 167 gold pieces.

Inventory:

Hand Weapons
 a - a +1 quarterstaff (weapon)
Armour
 b - a +0 leather armour (worn)
 n - a +0 buckler
Jewellery
 I - a ring of see invisible (left hand)
Wands
 c - a wand of charming (19)
 j - a wand of iceblast (2)
 v - a wand of flame (3) (quivered)
Scrolls
 d - a scroll of immolation
 e - 6 scrolls of teleportation
 h - 2 scrolls of fog
 k - a scroll of brand weapon {unknown}
 l - 3 scrolls of blinking
Potions
 f - a potion of heal wounds
 g - a potion of lignification {unknown}
 i - 4 potions of curing
 m - a potion of mutation {unknown}


   Skills:
 + Level 4.5 Fighting
 + Level 4.2 Staves
 - Level 2.0 Armour
 - Level 1.0 Dodging
 - Level 1.0 Stealth
 - Level 3.2 Evocations


You had 5 spell levels left.
You didn't know any spells.
Your spell library contained the following spells:

 Spells                   Type           Power      Damage    Failure   Level
 Shock                    Conj/Air       0%         1d3       36%         1
 Dazzling Flash           Conj/Hex       0%         N/A       75%         3
 Swiftness                Air            0%         N/A       75%         3
 Airstrike                Air            0%         2d(0-16)  98%         4
 Iskenderun's Mystic Bla  Conj/Tloc      0%         2d3       98%         4
 Starburst                Conj/Fire      0%         6d3       100%        6


Dungeon Overview and Level Annotations

Branches:
Dungeon (4/15)
 Temple: D:4-7

Altars:
Gozag
Kikubaaqudgha
Nemelex Xobeh
Sif Muna
Uskayaw
Zin


Message History

You hit the iguana.
The iguana is severely wounded.
The iguana misses you.
You closely miss the iguana.
The iguana is severely wounded.
The iguana misses you.
You barely miss the iguana.
The iguana is severely wounded.
The iguana bites you. x2; The hobgoblin closely misses you.
You closely miss the iguana.
The iguana is severely wounded.
The iguana bites you. The hobgoblin misses you.
The iguana attacks as you move away! The iguana bites you.
The hobgoblin closely misses you.
Items here: ( ))) [ †.
The iguana attacks as you move away! The iguana bites you!
There is a stone staircase leading up, spattered with blood here.
You hit the iguana.
The iguana is almost dead.
The iguana bites you but does no damage.
You hit the iguana but do no damage.
The iguana is almost dead.
The iguana bites you.
* * * LOW HITPOINT WARNING * * *
Aiming: Throw Flame
Press: ? - help, Q - select action, (/) - cycle Shift-Dir - straight line, f/p - iguana
Aim: an iguana (almost dead, 75% to hit)
The puff of flame hits the iguana.
You kill the iguana!
You hit the hobgoblin.
The hobgoblin is lightly wounded.
The hobgoblin barely misses you.
You closely miss the hobgoblin.
The hobgoblin is lightly wounded.
The hobgoblin hits you with a +0 flail!
* * * LOW HITPOINT WARNING * * *
You completely miss the hobgoblin.
The hobgoblin is lightly wounded.
The hobgoblin hits you with a +0 flail!
You die...

.............#
#####........# #........#
#........# #####........#
.......
.............######...o...
#.................+.......
..........<...#####.......
#.###.........##@# .......
#.###.........##g# .......
.................##.!.....
...........÷.....)........
..........................
...........).......#######
..........)........#
...........).........
....................!.


You could see a hobgoblin.

Vanquished Creatures
  A steam dragon (D:4)
  Jessica (D:2)
  2 iguanas (D:4)
  An orc wizard (D:4)
  3 adders
  A worm (D:2)
  2 dart slugs
  3 orcs (D:4)
  5 endoplasms
  2 giant cockroaches
  5 goblins
  6 hobgoblins
  7 jackals
  2 quokkas
  9 ball pythons
  4 bats
  5 frilled lizards
  A kobold (D:1)
  7 rats
67 creatures vanquished.

Vanquished Creatures (collateral kills)
  An orc wizard (D:4)
  A dart slug (D:4)
  2 orcs (D:4)
4 creatures vanquished.

Grand Total: 71 creatures vanquished

Notes
Turn   | Place    | Note
-------+----------+-------------------------------------------
     0 | D:1      | Armakuni the Human Artificer began the quest for the Orb.
     0 | D:1      | Reached XP level 1. HP: 15/15 MP: 1/1
   119 | D:1      | Reached XP level 2. HP: 17/21 MP: 2/2
   359 | D:1      | Reached skill level 1 in Staves
   513 | D:1      | Reached XP level 3. HP: 26/27 MP: 3/3
  1112 | D:2      | Found a sparkling altar of Nemelex Xobeh.
  1532 | D:2      | Noticed Jessica
  1562 | D:2      | Killed Jessica
  1563 | D:2      | Reached XP level 4. HP: 17/34 MP: 4/4
  2091 | D:3      | Reached XP level 5. HP: 36/41 MP: 5/5
  2225 | D:3      | Found a hide-covered altar of Uskayaw.
  2228 | D:3      | Found an ancient bone altar of Kikubaaqudgha.
  2231 | D:3      | Found a shimmering blue altar of Sif Muna.
  2695 | D:3      | Found an opulent altar of Gozag.
  2695 | D:3      | Found a glowing silver altar of Zin.
  2976 | D:4      | Noticed a steam dragon
  2978 | D:4      | Killed a steam dragon
  2979 | D:4      | Reached XP level 6. HP: 49/49 MP: 6/6
  3137 | D:4      | Slain by a hobgoblin

Illustrated notes

Levels and vault maps discovered:
D:1:      wander_arrival_fairy_ring, layout_loops_cross
D:2:      layout_basic, basic_altar, minmay_unequal, uniq_jessica
D:3:      layout_loops_ring, grunt_temple_overflow_gold_and_silver,
          grunt_temple_overflow_diamond, small_statue_intersection
D:4:      layout_basic, minmay_temple_entry_overgrown

Skill      XL: |  1  2  3  4  5 |
---------------+----------------+-----
Staves         | 1 2 4 |  4.2
Fighting       | 2 3 4 |  4.5
Armour         | |  2.0
Dodging        | |  1.0
Stealth        | |  1.0
Evocations     | |  3.2

Action                   |  1- 3 |  4- 6 || total
-------------------------+-------+-------++-------
Melee: Club              |    17 |       ||    17
       Quarterstaff      |    99 |    73 ||   172
       Punch             |     2 |       ||     2
Evoke: Wand              |     3 |    13 ||    16
  Use: Scroll            |     6 |     3 ||     9
 Stab: Sleeping          |     1 |       ||     1
Armor: Leather armour    |    32 |    13 ||    45
Dodge: Dodged            |    68 |    45 ||   113

Table legend: (Time is in decaauts)
 A = Elapsed time spent in this place.
 B = Non-inter-level travel time spent in this place.
 C = Inter-level travel time spent in this place.
 D = Time resting spent in this place.
 E = Time spent auto-exploring this place.
 F = Levels seen in this place.
 G = Mean time per level.
                   A        B        C        D        E       F      G
               +--------+--------+--------+--------+--------+-----+--------+
         Total |   3176 |   3066 |    110 |    431 |   1945 |   4 |  794.0 |
       Dungeon |   3176 |   3066 |    110 |    431 |   1945 |   4 |  794.0 |
               +--------+--------+--------+--------+--------+-----+--------+

Top non-repeatable levels by time:
     D:2: 1017 daAuts
     D:1: 944 daAuts
     D:3: 881 daAuts
     D:4: 333 daAuts
